Map: Dusk Towers

Players

Dayshi - Winner!

  • Race: Terran Terran
  • League: Grandmaster

Zanster

  • Race: Zerg Zerg

Event: Homestory Cup XII

VOD

Have the link to the VOD?

Description

Time

  • Played on: Dec. 17, 2015, 8:29 a.m.
  • Length: 9:34

All games in this series

Show
View Real Time Build Order
Export as new Build Order

Dayshi Terran - Winner!

Build Orders: Liberator Opening, Reaper Expand, MMM Bio 

Get SALT Encoding   

  12  0:00  SCV  
  13  0:13  SCV  
  14  0:17  Supply Depot  
  14  0:25  SCV  
  15  0:39  SCV, Barracks  
  16  0:43  Refinery  
  16  0:51  SCV  
  17  1:03  SCV  
  18  1:15  SCV  
  19  1:26  Reaper  
  19  1:27  Orbital Command  
  20  1:39  Command Center  
  20  1:46  Supply Depot  
  20  1:53  SCV  
  21  1:58  Marine  
  22  2:03  Factory  
  22  2:09  SCV  
  22  2:13  Refinery  
  23  2:21  Barracks Reactor  
  23  2:22  SCV  
  24  2:34  SCV  
  25  2:46  SCV  
  26  2:58  SCV, Marine x2  
  26  2:59  Widow Mine  
  26  3:02  Starport, Orbital Command  
  31  3:10  SCV  
  32  3:16  Marine x2  
  34  3:22  Supply Depot  
  34  3:23  SCV  
  35  3:31  SCV  
  36  3:35  SCV  
  36  3:39  Medivac  
  36  3:40  Hellion x2  
  43  3:43  SCV  
  43  3:44  Supply Depot  
  43  3:45  Barracks Tech Lab  
  43  3:47  SCV  
  45  3:55  SCV  
  46  3:57  Liberator  
  46  4:01  Hellion x2  
  50  4:03  Armory, Marine  
  50  4:05  SCV  
  56  4:17  SCV  
  56  4:22  Hellion  
  56  4:23  Hellion  
  60  4:26  Stimpack  
  60  4:27  SCV  
  60  4:29  SCV  
  62  4:42  Supply Depot  
  62  4:44  Command Center  
  62  4:45  Supply Depot  
  62  4:47  Liberator  
  62  4:54  Marine  
  62  4:55  SCV  
  62  5:04  SCV, Hellion x2  
  70  5:07  SCV  
  70  5:08  Engineering Bay  
  70  5:09  Engineering Bay  
  70  5:11  Refinery  
  70  5:12  Refinery  
  71  5:16  SCV  
  71  5:17  Marauder  
  71  5:19  SCV  
  74  5:28  SCV  
  74  5:31  SCV  
  70  5:36  Terran Infantry Armor Level 1  
  70  5:38  Terran Infantry Weapons Level 1, Marauder  
  70  5:39  Barracks  
  70  5:40  SCV  
  69  5:43  SCV  
  67  5:51  Hellion x2  
  67  5:52  SCV  
  67  5:56  Barracks  
  71  5:58  Barracks, Orbital Command  
  67  6:05  SCV  
  64  6:12  SCV  
  64  6:15  Starport Reactor  
  64  6:17  SCV  
  64  6:18  Hellion x2  
  70  6:20  Orbital Command, Marauder  
  70  6:24  SCV  
  71  6:28  Barracks Reactor, Barracks  
  71  6:29  SCV  
  71  6:30  Combat Shields  
  71  6:32  Supply Depot  
  72  6:33  Supply Depot  
  72  6:36  SCV  
  73  6:41  SCV  
  73  6:42  Hellion, Marauder  
  78  6:48  SCV  
  78  6:49  SCV  
  78  6:50  Barracks Reactor x2  
  78  6:53  SCV, Medivac  
  80  6:55  Medivac  
  82  7:02  Supply Depot  
  82  7:03  SCV x2, Marauder  
  82  7:04  Marine  
  82  7:05  Marine  
  88  7:09  Barracks  
  88  7:12  Hellbat  
  88  7:13  Hellbat  
  88  7:14  SCV  
  93  7:15  Supply Depot  
  93  7:16  Barracks Reactor  
  93  7:18  SCV  
  94  7:22  Reaper  
  94  7:23  Medivac  
  94  7:24  Supply Depot  
  94  7:25  Marauder  
  94  7:26  Marine  
  94  7:27  Marine x3  
  94  7:28  Marine  
  104  7:31  SCV x3  
  107  7:41  Hellbat  
  107  7:43  SCV x2, Hellbat  
  113  7:44  Marine x2  
  113  7:48  Supply Depot  
  113  7:49  Concussive Shells  
  113  7:50  Supply Depot  
  115  7:51  SCV  
  115  7:54  Refinery  
  115  7:55  SCV  
  115  7:56  Marauder, Marine x5  
  115  7:57  Barracks Reactor  
  115  7:58  Marine  
  125  8:02  Marine x2  
  120  8:14  Marine x5  
  120  8:16  Marine  
  120  8:17  Hellbat  
  120  8:18  Marauder, Hellbat  
  120  8:19  Medivac  
  131  8:20  Marine x2  
  130  8:32  Command Center, Marine x5  
  130  8:33  Supply Depot, Refinery  
  130  8:34  Marine  
  135  8:39  Marauder, Marine  
  135  8:40  Marine  
  135  8:41  Marine x2  
  142  8:49  Marine x2  
  142  8:50  Marine x3  
  142  8:51  Marine  
  148  8:56  Marine  
  148  8:58  Marine x2  
  148  8:59  Marine  
  148  9:00  Marauder  
  147  9:07  Marine x3  
  147  9:08  Marine  
  151  9:12  Factory  
  151  9:13  Barracks  
  151  9:15  Ghost Academy  
Show
View Real Time Build Order
Export as new Build Order

Zanster Zerg 

Build Orders: Hatch First 

Get SALT Encoding   

  12  0:00  Drone  
  13  0:13  Overlord  
  13  0:17  Drone  
  14  0:32  Drone x2  
  16  0:38  Drone  
  17  0:54  Hatchery  
  17  0:55  Drone  
  17  0:58  Drone  
  18  1:07  Drone  
  18  1:09  Extractor  
  18  1:16  Spawning Pool  
  18  1:18  Drone  
  18  1:29  Drone  
  19  1:40  Overlord  
  19  2:02  Queen  
  19  2:03  Zergling x4  
  19  2:05  Queen  
  19  2:06  Zergling x2  
  26  2:10  Metabolic Boost  
  26  2:16  Drone  
  26  2:19  Drone  
  28  2:23  Drone  
  29  2:32  Drone  
  29  2:34  Drone  
  31  2:41  Queen  
  31  2:42  Drone  
  34  2:44  Overlord  
  34  2:58  Drone  
  34  3:00  Drone  
  34  3:02  Drone  
  36  3:10  Drone  
  36  3:11  Drone  
  36  3:12  Drone  
  39  3:13  Drone  
  39  3:15  Overlord  
  39  3:18  Drone x3  
  43  3:21  Drone  
  44  3:32  Hatchery  
  43  3:36  Roach Warren, Drone  
  43  3:37  Drone x2  
  43  3:40  Overlord  
  45  3:44  Drone  
  45  3:48  Overlord  
  46  3:49  Zergling x2  
  46  3:50  Zergling x2  
  46  3:54  Lair  
  48  3:57  Extractor  
  48  3:59  Drone x2, Extractor  
  48  4:02  Drone  
  49  4:03  Drone  
  49  4:04  Drone  
  49  4:07  Drone  
  52  4:15  Overlord  
  52  4:19  Drone  
  52  4:21  Queen  
  55  4:25  Drone x5  
  55  4:28  Overlord  
  59  4:36  Roach  
  59  4:37  Roach  
  63  4:41  Roach  
  64  5:03  Overseer  
  64  5:04  Drone  
  64  5:05  Drone x6  
  71  5:07  Drone  
  71  5:08  Drone x3  
  71  5:11  Ravager x3  
  71  5:12  Drone  
  71  5:13  Evolution Chamber  
  78  5:14  Evolution Chamber  
  78  5:15  Extractor  
  78  5:16  Drone  
  78  5:17  Spore Crawler  
  78  5:18  Overseer  
  78  5:20  Overlord  
  76  5:25  Overlord  
  76  5:32  Roach  
  76  5:33  Roach x2  
  78  5:38  Roach  
  78  5:39  Roach x3  
  78  5:42  Drone x5  
  89  5:49  Drone x3  
  87  5:53  Drone  
  87  5:54  Drone  
  84  6:14  Drone x6  
  90  6:22  Overlord  
  90  6:25  Zerg Ground Armor Level 1, Zerg Melee Weapons Level 1  
  90  6:30  Spore Crawler  
  90  6:31  Hatchery  
  88  6:39  Drone x2  
  90  6:40  Overlord  
  88  6:49  Drone x6  
  88  6:52  Drone x2  
  88  6:53  Drone x4  
  94  6:55  Drone  
  94  6:57  Overlord  
  94  6:59  Zergling x2  
  96  7:04  Extractor  
  96  7:06  Hatchery, Queen  
  96  7:07  Zergling x2  
  96  7:08  Zergling x2  
  98  7:13  Ravager x3  
  98  7:14  Drone  
  102  7:19  Roach, Zergling x4  
  102  7:20  Zergling x4  
  102  7:22  Overlord  
  108  7:26  Infestation Pit, Extractor  
  106  7:35  Zergling x2  
  106  7:36  Zergling x14  
  114  7:38  Overlord  
  114  7:40  Zergling x2  
  114  7:41  Zergling x4  
  114  7:43  Overlord  
  118  7:44  Roach  
  118  7:45  Glial Reconstitution  
  118  7:47  Ravager x4  
  118  7:50  Queen  
  124  7:53  Overlord  
  124  7:55  Roach, Zergling x2  
  124  7:57  Overlord  
  127  8:00  Zergling x14  
  127  8:03  Overlord  
  134  8:09  Zergling x2  
  134  8:10  Zergling x8  
  132  8:13  Zergling x2  
  132  8:15  Pathogen Glands  
  132  8:18  Zergling x6  
  132  8:24  Zergling x2  
  132  8:25  Queen  
  132  8:26  Drone  
  133  8:34  Drone x2  
  133  8:39  Drone  
  133  8:40  Zergling x8  
  140  8:44  Roach, Zergling x2  
  143  8:53  Spine Crawler  
  143  8:54  Zergling x10  
  143  8:55  Zergling x10  
  133  9:02  Roach, Zergling x2  
  133  9:03  Zergling x4  
  120  9:11  Roach, Zergling x6  
Tags
 
Add a new tag
Caveats
  • Supply blocks, unpowered buildings, or Contaminate may cause inaccurate times.
  • Supply counts are checked every 10 seconds.